[Event "Swedish Chess Championship 2019: Veteran-SM 65+"]
[Site "Stiga Sports Arena, Arenatorget 1, Eskilstuna, Sweden"]
[Date "2019.07.08"]
[Round "3.1"]
[White "Bellon Lopez, Juan Manuel"]
[Black "Alquist, Erik"]
[Result "1/2-1/2"]
[TimeControl "90 minutes for 40 moves + 30 minutes for the rest of the game + 30 seconds per move from move one"]
[WhiteTitle "GM"]
[WhiteFideId "2200031"]
[BlackFideId "1707701"]
[WhiteElo "2343"]
[BlackElo "1976"]

1. c4 Nf6 2. Nc3 g6 3. e4 d6 4. d4 Bg7 5. Bg5 O-O 6. Qd2 c5 7. d5 a6 8. a4 e6 9. Nf3 exd5 10. exd5 Re8+ 11. Be2 Bg4 12. O-O Nbd7 13. Rae1 Qb6 14. h3 Bxf3 15. Bxf3 Ne5 16. Be2 Qb3 17. Qc1 Rab8 18. a5 b6 19. axb6 Rxb6 20. Bxf6 Bxf6 21. Ne4 Bg7 22. Qf4 Qxb2 23.
g4 Re7 24. Kg2 Nd7 25. Bf3 Qe5 26. Qc1 Qd4 27. Rd1 Qb2 28. Qg5 Qe5 29. Qc1 Qb2 30. Qg5 Qe5 31. Qc1 Qb2 1/2-1/2

[Event "Swedish Chess Championship 2019: Veteran-SM 65+"]
[Site "Stiga Sports Arena, Arenatorget 1, Eskilstuna, Sweden"]
[Date "2019.07.14"]
[Round "9.1"]
[White "Bellon Lopez, Juan Manuel"]
[Black "Larsson, Per-Olov"]
[Result "0-1"]
[TimeControl "90 minutes for 40 moves + 30 minutes for the rest of the game + 30 seconds per move from move one"]
[WhiteTitle "GM"]
[WhiteFideId "2200031"]
[BlackFideId "1717774"]
[WhiteElo "2343"]
[BlackElo "1954"]

1. d4 Nf6 2. Nf3 d5 3. e3 c5 4.
c3 e6 5.
Nbd2 Nbd7 6. Bd3 b6 7. Qa4 Qc7 8. Ne5 Bd6 9. f4 O-O 10. O-O Bb7 11. Ndf3 a6 12. Bd2 b5 13. Qd1 Ne4 14.
Ng5 Nxg5 15. Nxd7 Nh3+ 16. Kh1 Qxd7 17. Qh5 f5 18. Qxh3 c4 19. Bc2 g6 20. g4 Rf7 21. Rf3 Rg7 22.
Rg1 Bc8 23. Be1 Qf7 24. gxf5 exf5 25. Qh6 Bd7 26. h4 Be8 27. h5 Ra7 28. Rh3 Qe6 29. Bf2 Bf8 30. Qg5 Be7 31. Qg2 Bf6 32.
Qh2 a5 33. hxg6 Bxg6 34. e4 fxe4 35. f5 Bxf5 36. Rh6 Rxg1+ 37. Bxg1 Rb7 38. Qf4 Bg6 39. Be3 Bg7 40. Rh2 Qf6 41.
Qg4 Qf1+ 42. Bg1 Qf3+ 43. Qxf3 exf3 44. Bxg6 hxg6 45. Rh3 Rf7 46. Bf2 g5 47. Kh2 Rf5 48. Kg3 Kf7 49. Kg4 Kg6 50.
Rh1 Rf4+ 51. Kg3 b4 52. Be3 Rf5 53. a4 Bf8 54. Kf2 Bd6 55. cxb4 Bxb4 56. Rh8 Rf8 57. Rh1 Bd6 58. Bd2 Bf4 59.
Bxa5 g4 60. Be1 Bb8 61. Rg1 g3+ 62. Rxg3+ Bxg3+ 63. Kxg3 f2 64. Bxf2 Rb8 65. Kf4 Kf6 66. Be1 Rxb2 67. a5 Ra2 68.
Bb4 Ke6 69. Be1 Kd6 70. Bb4+ Kc6 71. Bc3 Re2 72. Kf3 Re8 73. Kf4 Kb5 0-1